cohdb
Replays
Latest Replays
All Replays
Popular Replays
Top Player Replays
Match Explorer
How It Works
Community
CoH3 Stats
Reddit
Sign in to upload your games and track your stats! →
Sign in with Steam
Match 44785425
Unlisted
Match 44785425
Overview
Messages
Build Orders
End
Vickers Machine Gun Team
Construct Section Command Post
Vickers Machine Gun Team
Selects Air and Sea Battlegroup
Infantry Section
Grenade Package
Infantry Section
Infantry Section
Selects Commando Section Paradrop
Selects Commando Support Section Paradrop
Construct Field Infirmary
Commando Support Section Paradrop
Construct Platoon Command Post
Construct Company Command Post
Daz
You've chinged your last chong
Vanguard Z3R0
Merlin the Cultivator
Dr. CoH
IngloriousBastard
*jac1p*
You Are China Virus Aladeen!
0
0
Comments
sign in to comment!
No comments posted yet!